 Dungeon Sprint DCSS version 0.21-a0-278-ga722497 (webtiles) character file.

136 potatolord6000 the Chopper (level 5, -5/51 HPs)
             Began as a Hill Orc Fighter on Sept 21, 2017.
             Was a High Priest of Beogh.
             Slain by an ogre
             ... wielding a +0 giant club
              (13 damage)
             ... in the Dungeon (Sprint VII: "The Pits").
             The game lasted 00:01:22 (330 turns).

potatolord6000 the Chopper (Hill Orc Fighter)        Turns: 330, Time: 00:01:22

Health: -5/51      AC: 10    Str: 20    XL:     5   Next: 19%
Magic:  8/8        EV:  7    Int:  8    God:    Beogh [*****.]
Gold:   0          SH: 10    Dex: 10    Spells: 4/4 levels left

rFire    . . .     SeeInvis .   a - +0 war axe
rCold    . . .     Gourm    .   c - +0 shield
rNeg     . . .     Faith    .   d - +3 scale mail
rPois    .         Spirit   .   (no helmet)
rElec    .         Reflect  .   (no cloak)
rCorr    .         Harm     .   (no gloves)
MR       .....     NoTele   +   (no boots)
Stlth    ..........             (no amulet)
HPRegen  0.17/turn              (no ring)
MPRegen  0.11/turn              (no ring)

@: no status effects
A: walk on water
a: Smiting, Recall Orcish Followers, Give Item to Named Follower, Renounce
Religion


You were in the Dungeon.
You worshipped Beogh.
Beogh was extremely pleased with you.
You were not hungry.

You visited 1 branch

Inventory:

Hand Weapons
 a - a +0 war axe (weapon)
Armour
 c - a +0 shield (worn)
 d - a +3 scale mail (worn)
Scrolls
 k - a scroll of blinking
 m - 3 scrolls of remove curse
 n - 5 scrolls of amnesia
 o - a scroll of summoning
Potions
 e - 6 potions of curing
 g - 4 potions of heal wounds
 i - 4 potions of magic
 j - 2 potions of berserk rage
 l - 2 potions of invisibility
Comestibles
 f - 8 bread rations
 p - 40 fruits
 q - 7 meat rations


   Skills:
 + Level 6.3 Fighting
 + Level 6.4 Axes
 + Level 6.0 Armour
 + Level 5.8 Shields
 + Level 5.2 Invocations


You had 4 spell levels left.
You didn't know any spells.

Dungeon Overview and Level Annotations

Branches:
Dungeon (1/1)

Altars:
Ashenzari
Cheibriados
Dithmenos
Elyvilon
Fedhas
Gozag
Hepliaklqana
Kikubaaqudgha
Makhleb
Nemelex Xobeh
Okawaru
Qazlal
Ru
Sif Muna
Trog
Uskayaw
Vehumet
Wu Jian
Xom
Yredelemnul
Zin
The Shining One
Beogh
Jiyva
Lugonu


Message History

Beogh accepts your kill.
Beogh appreciates your killing of a heretic priest.
Your Armour skill increases to level 6!
Your Invocations skill increases to level 5!
You have reached level 5!
You feel stronger.
You slash the orc!
You kill the orc!
Beogh accepts your kill.
You can now walk on water.
You can now give items to your followers.
Unknown command.
You slash the ogre!
The ogre is moderately wounded.
The ogre hits you with a giant club!
* * * LOW HITPOINT WARNING * * *
Unknown command.
You slash the ogre!
The ogre is almost dead.
The ogre hits you with a giant club!
You die...

#.?(.')))'.##.....
##########.##.....
#...........'.....
#'#####'#####.....
#.#.....#..##.....
#.#...†.#))#####'#
#.###'###))##.....
#.#.)...#))##.....
#@#.....#[[##.....
#O####)##'###...<.
#K#........##.....
#o#........##.....
#o###########.....
#.. ###### #.).
#...# #.##.


You could see a big kobold, an ogre and 2 orcs.

Vanquished Creatures
  A quasit (D)
  A hound (D)
  An orc priest (D)
  A worker ant (D)
  A river rat (D)
  4 orcs (D)
  A ball python (D)
  2 goblins (D)
  A hobgoblin (D)
  4 jackals (D)
  A ball python zombie (D)
  A rat (D)
19 creatures vanquished.

Vanquished Creatures (others)
  An orc wizard (D)
1 creature vanquished.

Grand Total: 20 creatures vanquished

Notes
Turn   | Place    | Note
-------+----------+-------------------------------------------
     0 | D        | potatolord6000 the Hill Orc Fighter began the quest for the Orb.
     0 | D        | Reached XP level 1. HP: 19/19 MP: 1/1
    44 | D        | Found a bloodstained altar of Trog.
    44 | D        | Found a deep blue altar of Sif Muna.
    44 | D        | Found a viscous altar of Jiyva.
    44 | D        | Found a hazy altar of Hepliaklqana.
    44 | D        | Found an opulent altar of Gozag.
    45 | D        | Found a glowing golden altar of the Shining One.
    45 | D        | Found a glowing silver altar of Zin.
    45 | D        | Found a basalt altar of Yredelemnul.
    45 | D        | Found a shimmering altar of Xom.
    45 | D        | Found an ornate altar of the Wu Jian Council.
    45 | D        | Found a sacrificial altar of Ru.
    45 | D        | Found a stormy altar of Qazlal.
    45 | D        | Found an iron altar of Okawaru.
    45 | D        | Found a sparkling altar of Nemelex Xobeh.
    45 | D        | Found a burning altar of Makhleb.
    45 | D        | Found a blossoming altar of Fedhas.
    45 | D        | Found a white marble altar of Elyvilon.
    45 | D        | Found a shadowy altar of Dithmenos.
    45 | D        | Found a snail-covered altar of Cheibriados.
    48 | D        | Found a corrupted altar of Lugonu.
    48 | D        | Found a radiant altar of Vehumet.
    48 | D        | Found a roughly hewn altar of Beogh.
    50 | D        | Found a shattered altar of Ashenzari.
    50 | D        | Found an ancient bone altar of Kikubaaqudgha.
    50 | D        | Found a hide-covered altar of Uskayaw.
    57 | D        | Became a worshipper of Beogh the Brigand
    96 | D        | Reached * piety under Beogh
    96 | D        | Reached skill level 1 in Invocations
   130 | D        | Noticed a hound
   131 | D        | Noticed a worker ant
   144 | D        | Killed a hound
   144 | D        | Reached XP level 2. HP: 28/28 MP: 1/4
   144 | D        | Reached XP level 3. HP: 35/35 MP: 1/5
   145 | D        | Reached ** piety under Beogh
   150 | D        | Reached skill level 5 in Fighting
   150 | D        | Reached skill level 5 in Axes
   150 | D        | Reached skill level 5 in Armour
   150 | D        | Reached skill level 5 in Shields
   150 | D        | Reached XP level 4. HP: 31/42 MP: 1/6
   293 | D        | Reached *** piety under Beogh
   305 | D        | Noticed an ogre
   318 | D        | Noticed a big kobold
   321 | D        | Reached **** piety under Beogh
   327 | D        | Reached skill level 5 in Invocations
   327 | D        | Reached XP level 5. HP: 19/50 MP: 8/8
   328 | D        | Reached ***** piety under Beogh
   330 | D        | Slain by an ogre

Vault maps used:
D:        pitsprint

Skill      XL: |  1  2  3  4 |
---------------+-------------+-----
Axes           | 4 5 6 |  6.4
Invocations    | 3 5 |  5.2
Fighting       | 4 5 6 |  6.3
Armour         | 4 5 6 |  6.0
Shields        | 4 5 |  5.8

Action                   |  1- 3 |  4- 6 || total
-------------------------+-------+-------++-------
Melee: War axe           |    30 |    52 ||    82
  Use: Potion            |     3 |     2 ||     5
Armor: Scale mail        |    17 |    48 ||    65
Dodge: Dodged            |     8 |    34 ||    42
Block: Shield            |    14 |    44 ||    58

Table legend:
 A = Spawn XP
 B = Non-spawn XP
 C = Spawn XP percentage of total XP
 D = Spawn monster count
 E = Non-spawn monster count
 F = Spawn count percentage of total count
 G = Total turns spent on level
                    A         B        C        D         E        F      G
               +---------+---------+-------+---------+---------+-------+---------
         Total |       0 |     195 |   0.0 |       0 |      19 |   0.0 |   330
               +---------+---------+-------+---------+---------+-------+---------
             D |       0 |     195 |   0.0 |       0 |      19 |   0.0 |   330
               +---------+---------+-------+---------+---------+-------+---------
